 Dungeon Crawl Stone Soup version 0.31-a0-844-gdc52ec4e09 (webtiles) character file.

Game seed: 6690847351599241000

461 subawu the Ruffian (level 7, 0/78 HPs)
             Began as a Gnoll Shapeshifter on Sept 29, 2023.
             Slain by Eustachio
             ... wielding a +0 falchion
              (7 damage)
             ... on level 4 of the Dungeon.
             The game lasted 00:09:34 (3690 turns).

subawu the Ruffian (Gnoll Shapeshifter)             Turns: 3690, Time: 00:09:34

Health: 0/78       AC: 23    Str: 15    XL:     7   Next: 7%
Magic:  10/10      EV:  2    Int:  9    God:
Gold:   150        SH:  0    Dex: 12    Spells: 8/10 levels left

rFire   . .          .
                       - Unarmed
rCold   . . .        (no shield)
rNeg    . . .        C - melded +2 robe "Zamihir" {-Tele rC+ Str+2 Dex+6}
rPois   +            (helmet currently unavailable)
rElec   .            (cloak currently unavailable)
rCorr   .            q - melded +0 pair of gloves
SInv    .            h - melded +0 pair of boots
Will    .....        (no amulet)
Stlth   ++           (no ring)
HPRegen 0.33/turn    (no ring)
MPRegen 0.12/turn

%: no passive effects
@: tree-form
A: stationary, stasis, torment immunity, boosted hp, (fangs 1), strong nose,
distributed training
a: no special abilities


You were on level 4 of the Dungeon.
You were a tree.
You visited 1 branch of the dungeon, and saw 4 of its levels.

You collected 150 gold pieces.

Inventory:

Missiles
 l - 18 poisoned darts
Armour
 a - a +0 animal skin
 h - a +0 pair of boots (melded)
 q - a +0 pair of gloves (melded)
 r - a +0 leather armour
 C - the +2 robe "Zamihir" (melded) {-Tele rC+ Str+2 Dex+6}
   (You found it on level 4 of the Dungeon)

   Str+2:     It affects your strength (+2).
   Dex+6:     It affects your dexterity (+6).
   rC+:       It protects you from cold.
   -Tele:     It prevents most forms of teleportation.
Jewellery
 e - a ring of ice
 g - the ring of Unousoha {Fire *Slow Str+3 Int+9 Dex-3}
   (You found it on level 2 of the Dungeon)

   [ring of fire]

   Fire:      It enhances your fire magic.
   Str+3:     It affects your strength (+3).
   Int+9:     It affects your intelligence (+9).
   Dex-3:     It affects your dexterity (-3).
   rF+:       It protects you from fire.
   rC-:       It makes you vulnerable to cold.
   *Slow:     It may slow you when you take damage.
 t - a +6 ring of intelligence
 v - a ring of flight
Talismans
 c - a beast talisman
 d - a flux talisman
Wands
 i - a wand of flame (24)
Scrolls
 f - a scroll of silence {unknown}
 j - 2 scrolls of teleportation {unknown}
 m - a scroll of summoning {unknown}
 n - a scroll of fear {unknown}
 o - a scroll of enchant armour {unknown}
 s - 3 scrolls of identify {unknown}
 w - a scroll of fog {unknown}
 y - a scroll of noise {unknown}
 D - a scroll of poison {unknown}
Potions
 k - 2 potions of mutation {unknown}
 p - 2 potions of invisibility {unknown}
 u - a potion of haste {unknown}
 x - 2 potions of enlightenment {unknown}
 z - a potion of ambrosia {unknown}
 A - 3 potions of curing {unknown}
 B - a potion of might {unknown}
 E - a potion of heal wounds {unknown}


   Skills:
 + Level 3.5 Fighting
 + Level 2.3 Short Blades
 + Level 2.3 Long Blades
 + Level 2.3 Axes
 + Level 2.3 Maces & Flails
 + Level 2.3 Polearms
 + Level 2.3 Staves
 + Level 2.3 Ranged Weapons
 + Level 2.3 Throwing
 + Level 2.3 Armour
 + Level 5.1 Dodging
 + Level 2.3 Stealth
 + Level 2.3 Shields
 + Level 7.0 Unarmed Combat
 + Level 2.3 Spellcasting
 + Level 1.8 Conjurations
 + Level 1.8 Hexes
 + Level 1.8 Summonings
 + Level 1.8 Necromancy
 + Level 1.8 Translocations
 + Level 1.8 Transmutations
 + Level 1.8 Fire Magic
 + Level 1.8 Ice Magic
 + Level 1.8 Air Magic
 + Level 1.8 Earth Magic
 + Level 1.8 Poison Magic
 + Level 2.5 Invocations
 + Level 2.3 Evocations
 + Level 6.9 Shapeshifting


You had 8 spell levels left.
You knew the following spells:

 Your Spells              Type           Power      Damage    Failure   Level
a - Ensorcelled Hibernat  Hex/Ice        8%         N/A       22%         2

Your spell library contained the following spells:

 Spells                   Type           Power      Damage    Failure   Level
 Jinxbite                 Hex            8%         N/A       22%         2
 Anguish                  Hex/Necr       2%         N/A       83%         4


Dungeon Overview and Level Annotations

Branches:
Dungeon (4/15)
 Temple: D:4-7

Altars:
Vehumet

Annotations:
D:4 Eustachio


Innate Abilities, Weirdness & Mutations

You are a tree.
Your roots penetrate the ground, keeping you stationary.
You cannot be teleported.
You are immune to unholy pain and torment.
Your maximum health is greatly increased.
Your equipment is partially melded.
((You have very sharp teeth.))
Your uncanny sense of smell can sniff out nearby items.
Your experience applies equally to all skills.


Message History

The orc hits you but does no damage.
You hit the shadow imp.
The shadow imp is lightly wounded.
The shadow imp disappears in a puff of smoke!
The bat hits you but does no damage.
Eustachio mumbles some strange words.
Eustachio blinks!
The orc hits you but does no damage.
You hit the bat.
You kill the bat!
The bat's corpse disappears in a puff of smoke!
The orc barely misses you. The orc hits you with a +0 short sword.
The orc hits you but does no damage.
You closely miss the orc.
You smack the orc!
You kill the orc!
The orc hits you but does no damage. x3
Your Unarmed Combat skill increases to level 7!
You barely miss the orc. The orc hits you but does no damage. x3
You hit the orc.
The orc is severely wounded.
The orc hits you with a +1 great sword of holy wrath.
* * * LOW HITPOINT WARNING * * *
Eustachio gestures wildly while chanting.
The orc hits you but does no damage. The orc hits you with a +0 dagger.
* * * LOW HITPOINT WARNING * * *
You barely miss the orc.
The orc is severely wounded.
The orc hits you with a +1 great sword of holy wrath!
* * * LOW HITPOINT WARNING * * *
The orc hits you but does no damage. x2
You smack the orc!
You kill the orc!
The orc hits you but does no damage.
The orc hits you with a +1 great sword of holy wrath.
* * * LOW HITPOINT WARNING * * *
You hit Eustachio but do no damage.
Eustachio is heavily wounded.
The orc hits you but does no damage. x2; Eustachio hits you with a +0 falchion!
You die...
Eustachio twirls his moustache.

.. #. .. .#. .. # ##<
.#.. #. .. #.# ...
.... .. .#.# ...
#..##.. .##.... ##.
#..#... ......# ...
#...#.###.#....# .#.
#.....).)......# ...
..##♣)...##.... ##.
......@oo......# ..
###..#5#...#.#.#.. #
#. ###.#.#...... ..#
# ##.#....##... ..
..#.#........
#..#.##.(..#.## ..
#..#.##..............
#..#..(...##.....##..


You could see Eustachio, a quasit (summoned) and 2 orcs.

Vanquished Creatures
  3 scorpions
  A sleepcap (D:4)
  Natasha (thrice) (D:2)
  An iguana (D:4)
  An orc wizard (D:3)
  4 adders
  A gnoll (D:1)
  A worm (D:3)
  A dart slug (D:2)
  14 orcs
  3 ball pythons
  7 endoplasms
  4 giant cockroaches
  4 goblins
  8 hobgoblins
  4 jackals (D:1)
  4 quokkas
  4 bats
  2 frilled lizards
  5 kobolds
  5 rats
80 creatures vanquished.

Notes
Turn   | Place    | Note
-------+----------+-------------------------------------------
     0 | D:1      | subawu the Gnoll Shapeshifter began the quest for the Orb.
     0 | D:1      | Reached XP level 1. HP: 17/17 MP: 1/1
    70 | D:1      | Reached XP level 2. HP: 23/23 MP: 2/2
   235 | D:1      | You fall into a shaft and drop 1 floor!
   287 | D:2      | Reached XP level 3. HP: 22/28 MP: 3/3
   418 | D:2      | Noticed Natasha
   430 | D:2      | Killed Natasha
   431 | D:2      | Reached skill level 1 in Short Blades
   431 | D:2      | Reached skill level 1 in Long Blades
   431 | D:2      | Reached skill level 1 in Axes
   431 | D:2      | Reached skill level 1 in Maces & Flails
   431 | D:2      | Reached skill level 1 in Polearms
   431 | D:2      | Reached skill level 1 in Staves
   431 | D:2      | Reached skill level 1 in Ranged Weapons
   431 | D:2      | Reached skill level 1 in Throwing
   431 | D:2      | Reached skill level 1 in Armour
   431 | D:2      | Reached skill level 1 in Stealth
   431 | D:2      | Reached skill level 1 in Shields
   431 | D:2      | Reached skill level 1 in Spellcasting
   431 | D:2      | Reached skill level 1 in Invocations
   431 | D:2      | Reached skill level 1 in Evocations
   451 | D:2      | Noticed Natasha
   464 | D:2      | Killed Natasha
   465 | D:2      | Reached XP level 4. HP: 12/34 MP: 5/5
   476 | D:2      | Noticed Natasha
   483 | D:2      | Killed Natasha
   484 | D:2      | Reached skill level 1 in Conjurations
   484 | D:2      | Reached skill level 1 in Hexes
   484 | D:2      | Reached skill level 1 in Summonings
   484 | D:2      | Reached skill level 1 in Necromancy
   484 | D:2      | Reached skill level 1 in Translocations
   484 | D:2      | Reached skill level 1 in Transmutations
   484 | D:2      | Reached skill level 1 in Fire Magic
   484 | D:2      | Reached skill level 1 in Ice Magic
   484 | D:2      | Reached skill level 1 in Air Magic
   484 | D:2      | Reached skill level 1 in Earth Magic
   484 | D:2      | Reached skill level 1 in Poison Magic
   660 | D:2      | Identified the ring of Unousoha {Fire *Slow Str+3 Int+9
                  | Dex-3}
  1214 | D:1      | Reached XP level 5. HP: 23/40 MP: 5/7
  2388 | D:3      | Found a faded altar of an unknown god.
  2522 | D:3      | Learned a level 2 spell: Ensorcelled Hibernation
  2714 | D:3      | Reached XP level 6. HP: 29/47 MP: 8/8
  3316 | D:4      | Found a radiant altar of Vehumet.
  3385 | D:4      | Reached skill level 5 in Dodging
  3475 | D:4      | Reached XP level 7. HP: 24/52 MP: 10/10
  3480 | D:4      | Identified the +2 robe "Zamihir" {-Tele rC+ Str+2 Dex+6}
  3663 | D:4      | Noticed Eustachio
  3686 | D:4      | Reached skill level 7 in Unarmed Combat
  3690 | D:4      | Slain by Eustachio

Illustrated notes

Levels and vault maps discovered:
D:1:      heliophobic_arrival_glass_houses, layout_basic
D:2:      layout_loops_ring, uniq_natasha
D:3:      layout_loops_corners, shapermc_ecumenical_altar_mp_ritualfount
D:4:      nicolae_cairo_tiling_large_dashed, layout_loops_ring,
          mainiacjoe_overflow_concentric_impassable,
          mainiacjoe_overflow_catwalk, nicolae_underground_beach, uniq_eustachio

Skill      XL: |  1  2  3  4  5  6  7 |
---------------+----------------------+-----
Short Blades   | 1 2 |  2.3
Long Blades    | 1 2 |  2.3
Axes           | 1 2 |  2.3
Maces & Flails | 1 2 |  2.3
Polearms       | 1 2 |  2.3
Staves         | 1 2 |  2.3
Ranged Weapons | 1 2 |  2.3
Throwing       | 1 2 |  2.3
Armour         | 1 2 |  2.3
Stealth        | 1 2 |  2.3
Shields        | 1 2 |  2.3
Spellcasting   | 1 2 |  2.3
Invocations    | 1 2 |  2.5
Evocations     | 1 2 |  2.3
Conjurations   | 1 |  1.8
Hexes          | 1 |  1.8
Summonings     | 1 |  1.8
Necromancy     | 1 |  1.8
Translocations | 1 |  1.8
Transmutations | 1 |  1.8
Fire Magic     | 1 |  1.8
Ice Magic      | 1 |  1.8
Air Magic      | 1 |  1.8
Earth Magic    | 1 |  1.8
Poison Magic   | 1 |  1.8
Fighting       | 3 |  3.5
Dodging        | 5 |  5.1
Unarmed Combat | 7 |  7.0
Shapeshifting  | |  6.9

Action                     |  1- 3 |  4- 6 |  7- 9 || total
---------------------------+-------+-------+-------++-------
  Melee: Unarmed           |    49 |   124 |    22 ||   195
         Bite              |     4 |     9 |     2 ||    15
         Punch             |     1 |     5 |       ||     6
  Evoke: Wand              |       |     1 |       ||     1
    Use: Potion            |       |     1 |     1 ||     2
   Stab: Sleeping          |       |     2 |       ||     2
 Armour: Animal skin       |    18 |    42 |       ||    60
         Leather armour    |       |    24 |       ||    24
         Skin              |       |    45 |    24 ||    69
         Robe              |       |       |    14 ||    14
  Dodge: Dodged            |    36 |    75 |    23 ||   134
         Form:             |       |     1 |       ||     1
         Beast             |       |     1 |       ||     1

Table legend: (Time is in decaauts)
 A = Elapsed time spent in this place.
 B = Non-inter-level travel time spent in this place.
 C = Inter-level travel time spent in this place.
 D = Time resting spent in this place.
 E = Time spent auto-exploring this place.
 F = Levels seen in this place.
 G = Mean time per level.
                   A        B        C        D        E       F      G
               +--------+--------+--------+--------+--------+-----+--------+
         Total |   3671 |   3574 |     97 |    469 |   2127 |   4 |  917.8 |
       Dungeon |   3671 |   3574 |     97 |    469 |   2127 |   4 |  917.8 |
               +--------+--------+--------+--------+--------+-----+--------+

Top non-repeatable levels by time:
     D:3: 1189 daAuts
     D:1: 1114 daAuts
     D:2: 1000 daAuts
     D:4: 368 daAuts
